 Dungeon Crawl Stone Soup version 0.27-a0-1149-g4505690ab0 (webtiles) character file.

Game seed: 7058087919079235519

23806 Armakuni the Fighter (level 13, 0/77 HPs)
             Began as a Vine Stalker Artificer on May 12, 2021.
             Was an Initiate of Gozag.
             Slain by a five-headed hydra (6 damage)
             ... on level 3 of the Lair of Beasts.
             The game lasted 00:30:52 (13186 turns).

Armakuni the Fighter (Vine Stalker Artificer)      Turns: 13186, Time: 00:30:53

Health: 0/77       AC: 20    Str: 21    XL:     13   Next: 9%
Magic:  0/15       EV: 12    Int: 11    God:    Gozag
Gold:   2997       SH:  0    Dex: 16    Spells: 14/14 levels left

rFire    x . .     SeeInvis .   a - +1 quarterstaff (speed)
rCold    + . .     Faith    .   (shield currently unavailable)
rNeg     . . .     Spirit   +   v - +0 scale mail "Atsiycko" {rPois rCorr Dex+2}
rPois    +         Reflect  .   x - +2 helmet "Kohits" {-Tele Contam rElec Slay+6}
rElec    +         Harm     .   B - +0 cloak
rCorr    +         Rampage  .   g - +0 pair of gloves
Will     +....     NoTele   +   o - +1 pair of boots
Stlth    ..........             (no amulet)
HPRegen  1.22/turn              C - ring of ice
MPRegen  0.14/turn              P - +4 ring of protection

@: no status effects
A: fangs 3, regeneration 1, magic shield, antimagic bite, no potion heal 2
a: Renounce Religion, Potion Petition, Call Merchant, Bribe Branch


You were on level 3 of the Lair of Beasts.
You worshipped Gozag.
Gozag was most pleased with you.
You visited 3 branches of the dungeon, and saw 13 of its levels.
You also visited: Ice Cave.

You collected 4095 gold pieces.
You spent 573 gold pieces at shops.
You paid 525 gold pieces to Gozag.

Inventory:

Hand Weapons
 a - a +1 quarterstaff of speed (weapon)
 b - a +1 lajatang
Missiles
 n - a throwing net
Armour
 g - a +0 pair of gloves (worn)
 o - a +1 pair of boots (worn)
 v - the +0 scale mail "Atsiycko" (worn) {rPois rCorr Dex+2}
   (You bought it in a shop on level 7 of the Dungeon)

   It affects your dexterity (+2).
   It protects you from poison.
   It protects you from acid and corrosion.
 x - the +2 helmet "Kohits" (worn) {-Tele Contam rElec Slay+6}
   (You bought it in a shop on level 7 of the Dungeon)

   It affects your accuracy and damage with ranged weapons and melee attacks
   (+6).
   It insulates you from electricity.
   It prevents most forms of teleportation.
   It causes magical contamination when unequipped.
 B - a +0 cloak (worn)
Magical Staves
 y - a staff of conjuration
Jewellery
 C - a ring of ice (left hand)
 D - a ring of see invisible
 E - a +4 ring of evasion
 P - a +4 ring of protection (right hand)
 V - the ring "Xaisoewk" {Str+2 Int+6}
   (You found it on level 9 of the Dungeon)

   [ring of intelligence]

   It affects your strength (+2).
   It affects your intelligence (+6).
Wands
 c - a wand of charming (16) (quivered)
 d - a wand of flame (53)
 j - a wand of iceblast (6)
 k - a wand of digging (7)
 p - a wand of polymorph (11)
Scrolls
 i - 2 scrolls of amnesia
 l - 3 scrolls of blinking
 s - a scroll of teleportation
 A - a scroll of noise
 F - a scroll of vulnerability
 I - a scroll of fear
 J - a scroll of magic mapping
Potions
 f - 5 potions of mutation
 m - 7 potions of curing
 r - a potion of brilliance
 u - 3 potions of flight
 z - a potion of attraction {unknown}
Miscellaneous
 e - a piece from Xom's chessboard (15/15)
 w - a phantom mirror (inert)


   Skills:
 - Level 13.0 Fighting
 - Level 2.0 Short Blades
 - Level 0.6(6.3) Maces & Flails
 + Level 10.0 Staves
 - Level 6.6 Armour
 - Level 5.0 Dodging
 - Level 1.2 Stealth
 - Level 4.0 Shields
 - Level 1.0 Spellcasting
 - Level 5.0 Evocations


You had 14 spell levels left.
You didn't know any spells.
Your spell library contained the following spells:

 Spells                   Type           Power      Damage    Failure   Level
 Animate Skeleton         Necr           0%         N/A       61%         1
 Apportation              Tloc           0%         N/A       61%         1
 Corona                   Hex            0%         N/A       61%         1
 Summon Small Mammal      Summ           0%         N/A       61%         1
 Ensorcelled Hibernation  Hex/Ice        0%         N/A       75%         2
 Poisonous Vapours        Pois/Air       0%         N/A       75%         2
 Confusing Touch          Hex            0%         N/A       93%         3
 Conjure Flame            Conj/Fire      0%         6-21      93%         3
 Dazzling Flash           Conj/Hex       0%         N/A       93%         3
 Gell's Gravitas          Tloc           0%         N/A       93%         3
 Mephitic Cloud           Conj/Pois/Air  0%         N/A       93%         3
 Tukima's Dance           Hex            0%         N/A       93%         3
 Ice Form                 Ice/Tmut       0%         N/A       100%        4
 Petrify                  Tmut/Erth      0%         N/A       100%        4
 Summon Ice Beast         Ice/Summ       0%         N/A       100%        4
 Metabolic Englaciation   Hex/Ice        0%         N/A       100%        5
 Yara's Violent Unravell  Hex/Tmut       0%         3d3       100%        5
 Freezing Cloud           Conj/Ice/Air   0%         6-21      100%        6
 Simulacrum               Ice/Necr       0%         N/A       100%        6
 Ozocubu's Refrigeration  Ice            0%         4d5       100%        7


Dungeon Overview and Level Annotations

Branches:
Dungeon (9/15)             Temple (1/1) D:4            Lair (3/6) D:9
  IceCv (visited)
  Swamp: Lair:2-4    Shoals: Lair:2-4     Snake: Lair:2-4    Spider: Lair:2-4
    Orc: D:9-12

Altars:
Ashenzari
Cheibriados
Dithmenos
Elyvilon
Fedhas
Gozag
Kikubaaqudgha
Makhleb
Nemelex Xobeh
Okawaru
Qazlal
Ru
Sif Muna
Trog
Uskayaw
Vehumet
Wu Jian
Xom
Yredelemnul
Zin
The Shining One

Shops:
D:7 [

Annotations:
Lair:3 Rupert


Innate Abilities, Weirdness & Mutations

You have razor-sharp teeth.
Your natural rate of healing is unusually fast.
When hurt, damage is shared between your health and your magic reserves.
Your bite disrupts and absorbs the magic of your enemies.
Potions cannot restore your health.


Message History

Rupert hits you with a +0 executioner's axe of freezing.
The komodo dragon bites you but does no damage.
You can move again.
Unknown command.
Unknown command.
Okay, then.
Really take off
x - the +2 helmet "Kohits" {-Tele Contam rElec Slay+6}?
The water moccasin closely misses you.
Rupert hits you with a +0 executioner's axe of freezing!
Keep disrobing? [Y]es or [N]o only, please.
Keep disrobing?
Rupert freezes you. The water moccasin bites you.
The komodo dragon bites you but does no damage.
You start removing your armour.
You continue taking off the +2 helmet "Kohits" {-Tele Contam rElec Slay+6}.
The water moccasin completely misses you.
Rupert roars madly and goes into a rage!
Rupert goes berserk!
The komodo dragon closely misses you.
You continue taking off the +2 helmet "Kohits" {-Tele Contam rElec Slay+6}.
Rupert hits you with a +0 executioner's axe of freezing!!
Rupert freezes you. The water moccasin closely misses you.
The komodo dragon bites you but does no damage.
Rupert hits you with a +0 executioner's axe of freezing!
* * * LOW HITPOINT WARNING * * *
Rupert freezes you.
* * * LOW HITPOINT WARNING * * *
You continue taking off the +2 helmet "Kohits" {-Tele Contam rElec Slay+6}.
The yak gores you but does no damage.
The cane toad stings you but does no damage.
Rupert hits you with a +0 executioner's axe of freezing!
* * * LOW HITPOINT WARNING * * *
The komodo dragon bites you.
* * * LOW HITPOINT WARNING * * *
The five-headed hydra closely misses you.
The five-headed hydra barely misses you.
The five-headed hydra bites you but does no damage.
The five-headed hydra bites you.
You die...
Your body crumbles into a pile of gold.

..........##.....#
.................. .<.#
............##.####... .
............#.#.PP#....#
.......................#
.............##....#..
....................#
...P.#.........Y#D.$#...
................@@S..#
#.....#..#......Fl...#
<............!...Y....#
.##.#.#...........k#.#..
#.P.#........##.#...#.
......................
.#....##.#.#PP..#.#...
...P #...###...#.#.


You could see Rupert (berserk, very poisoned), a five-headed hydra, a lindwurm,
a komodo dragon, 2 yaks, a cane toad and a water moccasin.

Vanquished Creatures
  Gastronok (D:8)
  A frost giant (IceCv)
  A boulder beetle (D:6)
  Erica (Lair:2)
  A two-headed ogre (D:8)
  2 death yaks (IceCv)
  Pikel (D:6)
  An oklob plant (Lair:1)
  An ice statue (IceCv)
  2 cane toads
  4 komodo dragons
  A rime drake (Lair:2)
  12 polar bears
  5 blink frogs (Lair:2)
  A shadow (D:9)
  27 yaks
  A wyvern (D:7)
  Grum (D:8)
  Eustachio (D:6)
  2 steam dragons
  An acid dragon (D:7)
  3 orc warriors
  8 water moccasins
  2 ice beasts
  A black bear (Lair:1)
  A sky beast (D:6)
  A necrophage (D:7)
  25 wolves
  2 ogres
  3 centaurs
  A lemure (D:6)
  A phantom (D:6)
  8 bullfrogs
  A scorpion (D:5)
  A wyvern zombie (D:6)
  4 killer bees (D:9)
  10 wights
  2 howler monkeys
  2 bullfrog zombies
  2 electric eels (Lair:2)
  6 centaur zombies
  2 bullfrog skeletons
  An orc priest (D:9)
  7 hounds
  12 jellies
  A gnoll shaman (D:8)
  6 iguanas
  6 orc wizards
  A howler monkey zombie (D:8)
  5 adders
  14 gnolls
  2 shadow imps (D:6)
  12 white imps (Lair:3)
  An ufetubus (D:5)
  A worm (D:3)
  25 orcs
  2 bats (D:1)
  21 endoplasms
  2 giant cockroaches (D:2)
  5 goblins
  5 hobgoblins (D:1)
  6 quokkas
  9 ball pythons
  2 frilled lizards (D:3)
  7 kobolds
  4 rats
311 creatures vanquished.

Vanquished Creatures (collateral kills)
  An orc priest (D:5)
  A gnoll (D:3)
  A rat (D:3)
3 creatures vanquished.

Vanquished Creatures (others)
  A rime drake (IceCv)
  2 polar bears (IceCv)
  A yak (IceCv)
  A jelly (D:6)
  5 gnolls (D:3)
  An orc (D:5)
  7 fungi
  A plant (Lair:3)
19 creatures vanquished.

Grand Total: 333 creatures vanquished

Notes
Turn   | Place    | Note
-------+----------+-------------------------------------------
     0 | D:1      | Armakuni the Vine Stalker Artificer began the quest for the
                  | Orb.
     0 | D:1      | Reached XP level 1. HP: 9/9 MP: 2/2
    78 | D:1      | Reached skill level 1 in Fighting
   249 | D:1      | Reached XP level 2. HP: 4/14 MP: 0/3
   792 | D:1      | Reached skill level 2 in Fighting
  1170 | D:1      | Reached XP level 3. HP: 16/19 MP: 2/4
  1925 | D:2      | Found a faded altar of an unknown god.
  1974 | D:2      | Found a stormy altar of Qazlal.
  2424 | D:2      | Reached skill level 3 in Fighting
  2938 | D:3      | Found a bloodstained altar of Trog.
  3011 | D:3      | Gained mutation: Your natural rate of healing is unusually
                  | fast. [Vine Stalker growth]
  3011 | D:3      | Reached XP level 4. HP: 24/24 MP: 5/5
  3339 | D:3      | Found a radiant altar of Vehumet.
  3822 | D:4      | Found a staircase to the Ecumenical Temple.
  3852 | Temple   | Entered the Ecumenical Temple
  4034 | Temple   | Became a worshipper of Gozag Ym Sagoz the Greedy
  4082 | D:4      | Reached skill level 4 in Fighting
  4082 | D:4      | Reached XP level 5. HP: 26/29 MP: 6/6
  4170 | D:4      | Reached skill level 5 in Fighting
  4205 | D:4      | Reached XP level 6. HP: 22/35 MP: 1/7
  4817 | D:5      | Entered Level 5 of the Dungeon
  4944 | D:5      | Reached skill level 6 in Fighting
  5044 | D:5      | Reached XP level 7. HP: 40/41 MP: 8/8
  5235 | D:5      | Reached skill level 7 in Fighting
  6203 | D:6      | Noticed Pikel
  6227 | D:6      | Killed Pikel
  6228 | D:6      | Reached skill level 9 in Fighting
  6228 | D:6      | Gained mutation: You have razor-sharp teeth. [Vine Stalker
                  | growth]
  6228 | D:6      | Reached XP level 8. HP: 20/49 MP: 5/9
  6313 | D:6      | Noticed a boulder beetle
  6338 | D:6      | Reached skill level 1 in Shields
  6386 | D:6      | Killed a boulder beetle
  6387 | D:6      | Reached XP level 9. HP: 22/53 MP: 3/10
  6801 | D:6      | Reached skill level 5 in Dodging
  6887 | D:6      | Found a glowing silver altar of Zin.
  6952 | D:6      | Noticed Eustachio
  6966 | D:6      | Killed Eustachio
  7376 | D:7      | Reached skill level 5 in Armour
  7468 | D:7      | Reached XP level 10. HP: 55/58 MP: 9/11
  7509 | D:7      | Bought an emerald-encrusted scale mail for 279 gold pieces
  7509 | D:7      | Identified the +0 scale mail "Atsiycko" {rPois rCorr Dex+2}
                  | (You bought it in a shop on level 7 of the Dungeon)
  7644 | D:7      | Found a shadowy altar of Dithmenos.
  7777 | D:7      | Reached skill level 1 in Short Blades
  8167 | D:8      | Noticed a two-headed ogre
  8181 | D:8      | Killed a two-headed ogre
  8182 | D:8      | Reached skill level 5 in Evocations
  8231 | D:7      | Bought a transparent helmet for 294 gold pieces
  8231 | D:7      | Identified the +2 helmet "Kohits" {-Tele Contam rElec
                  | Slay+6} (You bought it in a shop on level 7 of the Dungeon)
  8325 | D:8      | Reached skill level 1 in Spellcasting
  8659 | D:8      | Noticed Gastronok
  8676 | D:8      | Killed Gastronok
  8677 | D:8      | Reached skill level 10 in Fighting
  8677 | D:8      | Reached XP level 11. HP: 44/64 MP: 11/13
  8882 | D:8      | Noticed Grum
  8891 | D:8      | Reached skill level 11 in Fighting
  8898 | D:8      | Killed Grum
  9419 | D:9      | Found a staircase to the Lair.
  9526 | D:9      | Found an ornate altar of the Wu Jian Council.
  9763 | D:9      | Identified the ring "Xaisoewk" {Str+2 Int+6}
 10143 | Lair:1   | Entered Level 1 of the Lair of Beasts
 10659 | Lair:1   | Reached skill level 12 in Fighting
 10826 | Lair:1   | Noticed an oklob plant
 10930 | Lair:1   | Killed an oklob plant
 11412 | Lair:2   | Identified a scroll of acquirement
 11412 | Lair:2   | Acquired 918 gold pieces
 11440 | Lair:2   | Reached skill level 13 in Fighting
 11460 | Lair:2   | Noticed Erica
 11469 | Lair:2   | Killed Erica
 11470 | Lair:2   | Reached XP level 12. HP: 73/73 MP: 14/14
 11503 | Lair:2   | Reached skill level 1 in Staves
 12287 | Lair:3   | Found a frozen archway.
 12343 | IceCv    | Entered an ice cave
 12350 | IceCv    | Reached skill level 5 in Staves
 12761 | IceCv    | Noticed a death yak
 12791 | IceCv    | Killed a death yak
 12873 | IceCv    | Noticed a death yak
 12873 | IceCv    | Noticed a frost giant
 12892 | IceCv    | Killed a death yak
 12898 | IceCv    | Reached XP level 13. HP: 49/77 MP: 15/15
 12976 | IceCv    | Killed a frost giant
 12977 | IceCv    | Reached skill level 10 in Staves
 13172 | Lair:3   | Noticed Rupert
 13176 | Lair:3   | Paralysed by Rupert for 7 turns
 13186 | Lair:3   | Slain by a five-headed hydra

Illustrated notes

Levels and vault maps discovered:
D:1:      amcnicky_arrival_gap_in_the_tavern_cellar, layout_basic,
          minmay_parallelograms
D:2:      layout_loops_cross, shapermc_ecumenical_altar_mp_ritualfount,
          basic_altar, grunt_ministairs_10, wad_orctagon
D:3:      layout_basic, vehumet_crystals, lightli_temple_of_fire
D:4:      layout_loops_ring, minmay_temple_entry_stoned_glass,
          kennysheep_generic_room_8
D:5:      layout_layer_cave
D:6:      minmay_clustersquares, layout_loops_corners, zin_scriptorium,
          uniq_pikel, uniq_eustachio
D:7:      layout_rooms, nicolae_dithmenos_through_a_glass_darkly,
          hangedman_abyss_or_decor_lesser_grid, minmay_splitting_lines,
          grunt_ministairs_3
D:8:      layout_layer_cave, uniq_gastronok, uniq_grum
D:9:      layout_basic, nzn_wu_jian_contemplation, lair_entry_dummy,
          amcnicky_mini_pool_small, lemuel_old_faithful
Temple:   regret_index_temple_sphere_string
Lair:1:   lemuel_slime, layout_long_grid, minivault_23,
          infiniplex_staircase_pool_2, grunt_megastairs_1, lemuel_fruit_tree
Lair:2:   layout_chaotic_city, infiniplex_staircase_pool, uniq_erica
Lair:3:   layout_long_grid, portal_ice_cave_entry_imps, serial_bayou_shore_b,
          grunt_megastairs_4, serial_bayou_shore_a, serial_bayou_shore_b,
          minmay_lair_oklob_chamber, uniq_rupert

Skill      XL: |  1  2  3  4  5  6  7  8  9 10 11 12 13 |
---------------+----------------------------------------+-----
Fighting       | 1 2 3 4 5 6 9 10 13 | 13.0
Shields        | 4 |  4.0
Dodging        | 4 5 |  5.0
Armour         | 5 6 |  6.6
Short Blades   | 2 |  2.0
Evocations     | 5 |  5.0
Spellcasting   | 1 |  1.0
Staves         | 9 10 | 10.0
Maces & Flails | |  0.6
Stealth        | |  1.2

Action                   |  1- 3 |  4- 6 |  7- 9 | 10-12 | 13-15 || total
-------------------------+-------+-------+-------+-------+-------++-------
Melee: Club              |    16 |       |       |       |       ||    16
       Bite              |    30 |    42 |    66 |   254 |     4 ||   396
       Dagger            |    80 |   124 |   186 |   211 |       ||   601
       Rapier            |       |       |     3 |       |       ||     3
       Falchion          |       |       |       |   134 |       ||   134
       Lajatang          |       |       |       |   219 |    12 ||   231
Invok: Call Merchant     |       |       |       |     1 |       ||     1
Evoke: Piece from Xom's  |     5 |       |       |     2 |       ||     7
       Wand              |     5 |    12 |    22 |    18 |     2 ||    59
       Phantom mirror    |       |       |       |     1 |       ||     1
  Use: Scroll            |     6 |     2 |     3 |     9 |     2 ||    22
       Potion            |       |     6 |       |     1 |     1 ||     8
 Stab: Petrified         |     6 |       |       |       |       ||     6
       Paralysed         |     4 |       |       |       |       ||     4
       Sleeping          |     6 |     1 |       |       |       ||     7
       Distracted        |       |       |       |     6 |       ||     6
Armor: Leather armour    |     9 |    28 |    36 |       |       ||    73
       Ring mail         |       |       |    25 |     7 |       ||    32
       Scale mail        |       |       |       |   264 |    19 ||   283
Dodge: Dodged            |    42 |    62 |    94 |   418 |    15 ||   631
Block: Buckler           |       |       |    20 |    98 |       ||   118
       Rpst.: Falchion   |       |       |       |    30 |       ||    30

Table legend: (Time is in decaauts)
 A = Elapsed time spent in this place.
 B = Non-inter-level travel time spent in this place.
 C = Inter-level travel time spent in this place.
 D = Time resting spent in this place.
 E = Time spent auto-exploring this place.
 F = Levels seen in this place.
 G = Mean time per level.
                   A        B        C        D        E       F      G
               +--------+--------+--------+--------+--------+-----+--------+
         Total |  13237 |  12670 |    567 |    864 |   8819 |  14 |  945.5 |
       Dungeon |  10125 |   9627 |    498 |    711 |   7194 |   9 | 1125.0 |
        Temple |    204 |    174 |     30 |      0 |    172 |   1 |  204.0 |
          Lair |   2115 |   2076 |     39 |     58 |   1403 |   3 |  705.0 |
      Ice Cave |    791 |    791 |      0 |     95 |     49 |   1 |  791.0 |
               +--------+--------+--------+--------+--------+-----+--------+

Top non-repeatable levels by time:
     D:1: 1866 daAuts
     D:5: 1351 daAuts
     D:6: 1196 daAuts
     D:8: 1171 daAuts
     D:2: 993 daAuts
  Lair:2: 973 daAuts
     D:9: 964 daAuts
     D:3: 957 daAuts
  Lair:1: 954 daAuts
     D:7: 816 daAuts
     D:4: 806 daAuts
   IceCv: 791 daAuts
  Temple: 204 daAuts
  Lair:3: 187 daAuts
